 Dungeon Crawl Stone Soup version 0.17.0-26-gececa24 (console) character file.

1964 gw the Cudgeler (level 9, -17/55 HPs)
             Began as a Gargoyle Fighter on Nov 21, 2015.
             Was a Follower of the Shining One.
             Killed from afar by a frost giant (53 damage)
             ... with a bolt of cold
             ... on level 6 of the Dungeon.
             The game lasted 00:31:25 (10227 turns).

gw the Cudgeler (Gargoyle Fighter)                 Turns: 10227, Time: 00:31:25

Health: -17/55     AC: 19    Str: 19    XL:     9   Next: 19%
Magic:  12/12      EV:  5    Int: 10    God:    the Shining One [*.....]
Gold:   381        SH: 12    Dex: 12    Spells: 0 memorised, 8 levels left

rFire  . . .     SeeInvis .     a - +2 flail
rCold  . . .     Clarity  .     d - +0 chain mail
rNeg   + . .     SustAt   .     c - +2 shield
rPois  ∞         Gourm    .     (no helmet)
rElec  +         Spirit   .     (no cloak)
rCorr  .         Warding  .     i - +2 pair of gloves
rMut   .         Stasis   .     (no boots)
MR     .....                    (no amulet)
Stlth  ..........               (no ring)
                                (no ring)

@: glowing, not resistant to hostile enchantments, extremely unstealthy
A: negative energy resistance 1, electricity resistance, unbreathing,
petrification resistance, rot immunity, AC +5
a: Renounce Religion


You were on level 6 of the Dungeon.
You worshipped the Shining One.
The Shining One was aware of your devotion.
You were near starving.

You visited 1 branch of the dungeon, and saw 6 of its levels.

You collected 381 gold pieces.

Inventory:

Hand Weapons
 a - a +2 flail (weapon)
Missiles
 k - 144 stones (quivered)
 n - 4 needles of confusion
Armour
 c - a +2 shield (worn)
 d - a +0 chain mail (worn)
 i - a +2 pair of gloves (worn)
Wands
 f - a wand of lightning (2)
 l - a wand of paralysis (12)
 r - a wand of slowing (27)
Scrolls
 g - 6 scrolls of identify
 h - a scroll of fog
 o - a scroll of remove curse
 s - 2 scrolls of noise {unknown}
Potions
 j - 3 potions of heal wounds
 p - a potion of flight
 q - a potion of agility
Comestibles
 e - 6 bread rations
 m - 6 beef jerkies


   Skills:
 + Level 5.9 Fighting
 * Level 6.4 Maces & Flails
 + Level 3.8 Throwing
 + Level 5.9 Armour
 + Level 5.7 Shields
 + Level 4.5 Invocations


You had 8 spell levels left.
You didn't know any spells.

Dungeon Overview and Level Annotations

Branches:
Dungeon (6/15)             Temple (0/1) D:5

Altars:
Fedhas
Makhleb
Vehumet
The Shining One

Shops:
D:5 *   D:6 (

Annotations:
D:5 Grinder


Innate Abilities, Weirdness & Mutations

You are resistant to torment.
Your stone body is resilient (AC +5).
You are immune to poison.
You resist negative energy.
You are resistant to electric shocks.
You can survive without breathing.
You are immune to petrification.
You are immune to rotting.


Message History

ATTACK MOVE TO (0,1) ATTACK MOVE TO (0,-1)
You see here a hound corpse.
ATTACK MOVE TO (0,-1)
The frost giant casts a spell at you. The bolt of cold hits you!
ATTACK MOVE TO (1,-1) ATTACK MOVE TO (0,-1)
You see here a stone.
ATTACK MOVE TO (1,-1)
You hit the frost giant.
The frost giant is lightly wounded.
The frost giant points at you and mumbles some strange words.
The bolt of cold hits you!
The bolt of cold hits the plant.
ATTACK MOVE TO (1,-1)
You hit the frost giant but do no damage.
The frost giant points at you and mumbles some strange words.
The bolt of cold hits you!
Ouch! That really hurt!
You die...

#P.PPPP#.......PP#
#P.PPPP..~~~~~..PP.P
#P##PP..~~~~~~~..#PP
#.PPP..~~~~~~~~~..#
##PPP.(~~~~~(~~~~.P#
##PP.~~~~...~~~~.P#
###.(~~~(_(~~~~.P#
#P#(C~~~..(~~~~.PP
PPP9~~~~~.~~~~
#PP..~~~~.~~
#P#P%).~~~.~~
#PPPP.P..~~.~~
##PPPPPP......
#P%.#PPP#P#P#P
##P%.%%P#PPPPP
#P.P%#.P#


P P ###.PPPPP #P You could see a frost giant and an oklob plant.

Table legend:
 A = Turns spent in this place as a percentage of turns spent in the entire game.
 B = Non-inter-level travel turns spent in this place as a percentage of non-inter-level travel turns spent in the entire game.
 C = Inter-level travel turns spent in this place as a percentage of turns spent in this place.
 D = Turns resting spent in this place as a percentage of non-inter-level travel turns spent in this place.
 E = Turns spent auto-exploring this place as a percentage of non-inter-level travel turns spent in this place.
 F = Non-inter-level travel turns spent in this place divided by the number of levels of this place that you've seen.
                   A       B       C       D       E      F
               +-------+-------+-------+-------+-------+----------------------
         Total | 100.0 | 100.0 |   0.4 |   0.1 |   3.2 | 10698.3
       Dungeon | 100.0 | 100.0 |   0.4 |   0.1 |   3.2 | 10698.3
               +-------+-------+-------+-------+-------+----------------------

Table legend:
 A = Kills in this place as a percentage of kills in entire the game.
 B = Kills by you in this place as a percentage of kills by you in the entire game.
 C = Kills by friends in this place as a percentage of kills by friends in the entire game.
 D = Other kills in this place as a percentage of other kills in the entire game.
 E = Experience gained in this place as a percentage of experience gained in the entire game.
 F = Experience gained in this place divided by the number of levels of this place that you have seen.
                   A       B       C       D       E      F
               +-------+-------+-------+-------+-------+----------------------
         Total | 100.0 | 100.0 |  -nan |  -nan | 100.0 | 467.8
       Dungeon | 100.0 | 100.0 |  -nan |  -nan | 100.0 | 467.8
               +-------+-------+-------+-------+-------+----------------------

Vanquished Creatures
  Pikel (D:5)
  Edmund (D:5)
  An ice beast (D:6)
  A necrophage (D:6)
  2 phantoms
  An ogre (D:5)
  2 centaurs
  A giant frog (D:6)
  2 scorpions
  3 jellies
  A hound (D:6)
  5 orc wizards (D:4)
  An orc priest (D:5)
  A giant frog skeleton (D:5)
  4 worker ants
  A hound skeleton (D:5)
  6 adders
  3 gnolls (D:6)
  An ooze (D:2)
  2 adder skeletons
  4 worms
  5 giant geckos
  20 orcs
  2 ball pythons
  6 bats
  5 giant cockroaches
  12 hobgoblins
  2 jackals (D:6)
  8 kobolds
  3 quokkas
  3 giant newts
  10 goblins
  14 rats
  A bush (D:6)
  A plant (D:6)
136 creatures vanquished.

Vanquished Creatures (others)
  3 slaves (D:5)
  A hound (D:5)
  3 orcs (D:5)
  2 plants (D:6)
9 creatures vanquished.

Grand Total: 145 creatures vanquished

Notes
Turn   | Place    | Note
--------------------------------------------------------------
     0 | D:1      | gw the Gargoyle Fighter began the quest for the Orb.
     0 | D:1      | Reached XP level 1. HP: 14/14 MP: 1/1
   384 | D:1      | Reached XP level 2. HP: 19/19 MP: 2/2
   702 | D:1      | Found a glowing golden altar of the Shining One.
   762 | D:1      | Became a worshipper of the Shining One
  1024 | D:1      | Reached XP level 3. HP: 23/23 MP: 3/3
  1610 | D:2      | Reached XP level 4. HP: 25/28 MP: 4/4
  1682 | D:2      | Reached skill level 1 in Invocations
  2202 | D:2      | Found a radiant altar of Vehumet.
  2203 | D:2      | Found a burning altar of Makhleb.
  2552 | D:3      | Reached skill level 1 in Throwing
  2669 | D:3      | Reached skill level 4 in Armour
  2695 | D:3      | Reached XP level 5. HP: 33/33 MP: 4/6
  3598 | D:4      | Reached XP level 6. HP: 26/38 MP: 7/7
  4158 | D:4      | Noticed a phantom
  4176 | D:4      | Killed a phantom
  4452 | D:5      | Entered Level 5 of the Dungeon
  4468 | D:5      | Reached XP level 7. HP: 41/44 MP: 8/8
  4557 | D:5      | Noticed Edmund
  4602 | D:5      | Killed Edmund
  4680 | D:5      | Noticed Grinder
  4716 | D:5      | Noticed Pikel
  4756 | D:5      | Killed Pikel
  4756 | D:5      | Reached skill level 5 in Fighting
  4756 | D:5      | Reached skill level 5 in Maces & Flails
  4756 | D:5      | Reached skill level 5 in Armour
  4756 | D:5      | Reached skill level 5 in Shields
  4756 | D:5      | Reached XP level 8. HP: 34/49 MP: 10/10
  4875 | D:5      | Found a staircase to the Ecumenical Temple.
  4903 | D:5      | Found Waist's General Store.
  5050 | D:5      | Reached * piety under the Shining One
  5572 | D:5      | Paralysed by Grinder for 2 turns
  5579 | D:5      | Paralysed by Grinder for 4 turns
  5714 | D:6      | Found Niamm's Weapon Shop.
  5926 | D:6      | Reached skill level 6 in Maces & Flails
  6233 | D:6      | Reached XP level 9. HP: 53/55 MP: 12/12
  6309 | D:6      | Found a blossoming altar of Fedhas.
  6322 | D:6      | Noticed an oklob plant
 10218 | D:6      | Noticed a frost giant
 10227 | D:6      | Killed from afar by a frost giant

Action                   |  1- 3 |  4- 6 |  7- 9 || total
-------------------------+-------+-------+-------++-------
Melee: Flail             |   136 |   197 |   226 ||   559
Throw: Stone             |    69 |    81 |    67 ||   217
       Tomahawk          |       |    12 |    22 ||    34
Evoke: Wand              |       |       |     4 ||     4
  Use: Scroll            |     5 |     6 |     4 ||    15
       Potion            |     2 |     6 |     2 ||    10
  Eat: Chunk             |     2 |    10 |     6 ||    18
       Meat ration       |       |       |     2 ||     2

Vault maps used:
D:1:      dpeg_arrival_rooms_with_view, tso_metal_star
D:2:      gammafunk_temple_overflow_statue, first_bread
D:3:      lemuel_upstairs_altar, guppyfry_early_orc_mine
D:5:      temple_fountains, serial_shops, shop, uniq_grinder, uniq_pikel,
          uniq_edmund
D:6:      tgw_fedhas, serial_shops, shop, roderic_curled_sauvastika
